 Dungeon Crawl Stone Soup version 0.14-a0-1378-gf8e6a88 (webtiles) character file.

92 Bloax the Cudgeler (level 3, 0/23 HPs)
             Began as a Gargoyle Chaos Knight on Dec 8, 2013.
             Was a Plaything of Xom.
             Slain by a kobold
             ... wielding a +0,+1 dwarven short sword
              (2 damage)
             ... on Level 2 of the Dungeon.
             The game lasted 00:02:25 (331 turns).

Bloax the Cudgeler (Gargoyle Chaos Knight)           Turns: 331, Time: 00:02:25

HP   0/23        AC  8     Str 15      XL: 3   Next:  8%
MP   3/3         EV  9     Int 12      God: Xom
Gold 66          SH  7     Dex 10      Spells:  0 memorised,  2 levels left

rFire  . . .     SeeInvis .     a - +0 mace (chaos)
rCold  . . .     Clarity  .     b - +2 leather armour
rNeg   + . .     Conserve .     e - +1 dwarf buckler
rPois  +         rCorr    .     (no helmet)
rElec  +         rRot     +     (no cloak)
SustAb . .       Spirit   .     (no gloves)
rMut   .         Warding  .     (no boots)
Saprov . . .     Stasis   .     (no amulet)
                                (no ring)
                                (no ring)

@: not resistant to hostile enchantments, very unstealthy
A: life protection 1, electricity resistance, unbreathing, petrification
resistance, AC +3
a: Renounce Religion


You were on level 2 of the Dungeon.
You worshipped Xom.
You were a plaything of Xom.
You were not hungry.

You visited 1 branch of the dungeon, and saw 2 of its levels.

You collected 66 gold pieces.


Innate Abilities, Weirdness & Mutations

You are resistant to torment.
You are immune to poison.
Your stone body is very resilient (AC +3).
You resist negative energy.
You are resistant to electric shocks.
You can survive without breathing.
You are immune to petrification.


   Skills:
 + Level 3.4 Fighting
 * Level 4.1 Maces & Flails
 + Level 2.7 Armour
 - Level 0.7 Dodging


You had 2 spell levels left.
You didn't know any spells.

Dungeon Overview and Level Annotations

Branches:
Dungeon (2/16)

Altars:
Makhleb
Zin

Inventory:

Hand weapons
 a - a +0,+0 mace of chaos (weapon)
Armour
 b - a +2 leather armour (worn)
 e - a +1 dwarven buckler (worn)
   (You found it on level 2 of the Dungeon)
Comestibles
 c - a bread ration
 h - a pear
Scrolls
 d - a scroll of remove curse {unknown}
 f - a scroll of magic mapping {unknown}
 g - a scroll of teleportation {unknown}

777....7777777..%.7777777..77
7..777....77...77%.........77
.77777777...77777777777...7777
77777777777777777777777...77777


777 7777777 7777777.....77 77 777777....7777.77 777777...77777777.7
77777g)g.777777 7 77..@K.77777 77....7777777 77..7777777 77..777 777 7 You could
see a hobgoblin, a goblin and a kobold.


Message History

A kobold comes into view.
The kobold shouts!
A bat comes into view.
The bat misses you. The bat hits you but does no damage.
You see here a pear.
h - a pear You block the bat's attack.
The bat hits you but does no damage.
You barely miss the bat. You block the bat's attack.
The bat hits you but does no damage. The bat closely misses you.
The bat hits you but does no damage.
You sock the bat! You freeze the bat.
You kill the bat!
You block the worm's attack.
You swing at nothing.
You thump the bat!
You kill the bat!
Your Maces & Flails skill increases to level 4!
You barely miss the worm. The worm barely misses you.
You sock the worm!
The worm is moderately wounded.
The worm bites you but does no damage.
You barely miss the worm.
The worm is moderately wounded.
You hit the worm.
You feel better.
The worm is heavily wounded.
The worm barely misses you.
You sock the worm!
The worm is poisoned.
The worm is severely wounded.
The worm bites you but does no damage.
You hit the worm.
You kill the worm!
You barely miss the kobold. The kobold hits you. The kobold closely misses you.
You closely miss the kobold. The kobold hits you but does no damage.
You hit the kobold but do no damage.
The kobold suddenly stops moving!
The helpless kobold fails to defend itself.
You hit the kobold.
The kobold is heavily wounded.
The helpless kobold fails to defend itself.
You hit the kobold.
There is a sudden explosion of sparks!
You kill the kobold!
You have reached level 3!
Your experience leads to an increase in your attributes!
Increase (S)trength, (I)ntelligence, or (D)exterity?
You feel agile.
You see here a kobold corpse.
A jackal and a goblin come into view.
The goblin zaps a wand.
The puff of frost hits you!
A kobold comes into view. It is wielding a dwarven short sword.
The kobold shouts!
Unknown command.
You hit the jackal. You burn the jackal.
You kill the jackal!
A goblin comes into view. It is wielding an orcish dagger.
A hobgoblin comes into view.
The hobgoblin shouts!
The kobold closely misses you.
You sock the goblin!
You kill the goblin!
The kobold hits you but does no damage. The hobgoblin hits you.
The goblin zaps a wand.
The puff of frost hits you!
* * * LOW HITPOINT WARNING * * *
The hobgoblin hits you but does no damage.
The kobold hits you but does no damage.
The hobgoblin hits you but does no damage.
You aren't carrying any potions.
The hobgoblin hits you.
* * * LOW HITPOINT WARNING * * *
The kobold hits you with a dwarven short sword.
You die... "Huh?
Did I miss anything?"

Action                   || total
-------------------------++-------
Melee: Mace              ||    51
  Use: Potion            ||     1
 Stab: Paralysed         ||     2

Vault maps used:
D:1:      nicolae_entry_somewhat_less_tricky_entry
D:2:      grunt_temple_overflow_order_and_chaos_2, forest_paths

Notes
Turn   | Place    | Note
--------------------------------------------------------------
     0 | D:1      | Bloax, the Gargoyle Chaos Knight, began the quest for the Orb.
     0 | D:1      | Reached XP level 1. HP: 14/14 MP: 1/1
     2 | D:1      | XOM: divination: detect items
    14 | D:1      | XOM: divination: detect creatures
    23 | D:1      | XOM: mild Fire miscast
   128 | D:2      | XOM: mild Conj miscast
   145 | D:2      | Found a burning altar of Makhleb.
   145 | D:2      | Found a glowing silver altar of Zin.
   146 | D:2      | Noticed an angel
   146 | D:2      | Noticed a balrug
   168 | D:2      | Reached XP level 2. HP: 8/19 MP: 2/2
   228 | D:2      | XOM: confusion (+ monsters)
   296 | D:2      | Reached skill level 4 in Maces & Flails
   307 | D:2      | Reached XP level 3. HP: 14/23 MP: 3/3
   328 | D:2      | HP: 5/23 [goblin/wand of frost (7)]
   331 | D:2      | HP: 2/23 [hobgoblin (3)]
   331 | D:2      | Slain by a kobold

Vanquished Creatures
  An adder (D:2)
  A worm (D:2)
  3 jackals (D:2)
  A ball python (D:2)
  5 bats
  A giant newt (D:2)
  2 goblins (D:2)
  A kobold (D:2)
  A rat (D:2)
16 creatures vanquished.
